 Dungeon Crawl Stone Soup version 0.27.1 (webtiles) character file.

Game seed: 2990626090390777015

23 Thatpatchoflichen the Chiller (level 2, -1/20 HPs)
             Began as a Draconian Ice Elementalist on Aug 21, 2021.
             Slain by a jackal (3 damage)
             ... on level 2 of the Dungeon.
             The game lasted 00:02:45 (675 turns).

Thatpatchoflichen the Chiller (DrIE)                 Turns: 675, Time: 00:02:46

Health: -1/20      AC:  4    Str: 10    XL:     2   Next: 75%
Magic:  3/5        EV: 12    Int: 21    God:
Gold:   0          SH:  0    Dex: 11    Spells: 4/5 levels left

rFire    . . .     SeeInvis .   b - +0 dagger
rCold    . . .     Faith    .   (no shield)
rNeg     . . .     Spirit   .   (armour unavailable)
rPois    .         Reflect  .   (helmet restricted)
rElec    .         Harm     .   (no cloak)
rCorr    .         Rampage  .   (no gloves)
Will     .....                  (no boots)
Stlth    ++........             (no amulet)
HPRegen  0.06/turn              c - +6 ring of intelligence
MPRegen  0.09/turn              (no ring)

@: no status effects
A: AC +4, unfitting armour, cold-blooded
a: no special abilities


You were on level 2 of the Dungeon.
You visited 1 branch of the dungeon, and saw 2 of its levels.

Inventory:

Hand Weapons
 b - a +0 dagger (weapon)
Jewellery
 c - a +6 ring of intelligence (left hand)
Scrolls
 d - 2 scrolls of identify {unknown}
Potions
 a - 2 potions of attraction {unknown}


   Skills:
 + Level 2.3 Dodging
 - Level 1.7 Stealth
 + Level 2.3 Spellcasting
 + Level 4.3 Ice Magic


You had 4 spell levels left.
You knew the following spells:

 Your Spells              Type           Power      Damage    Failure   Level
a - Freeze                Ice            80%        1d9       2%          1

Your spell library contained the following spells:

 Spells                   Type           Power      Damage    Failure   Level
 Frozen Ramparts          Ice            40%        1d6       7%          3
 Ozocubu's Armour         Ice            20%        N/A       7%          3
 Hailstorm                Conj/Ice       11%        3d5       50%         4


Dungeon Overview and Level Annotations

Branches:
Dungeon (2/15)

Altars:


Innate Abilities, Weirdness & Mutations

Your plain brown scales are hard. (AC +4)
You cannot fit into any form of body armour.
You are cold-blooded and may be slowed by cold attacks.


Message History

The ball python hisses angrily.
A dart slug comes into view.
The jackal barks!
You hear a bark!
You hear a shout!
A ball python comes into view. 2 jackals come into view.
The jackal barks!
A dart slug comes into view.
The kobold hits you with a +0 club.
The jackal moves out of view.
The dart slug launches a dart at you. The slug dart hits you.
* * * LOW HITPOINT WARNING * * *
Things that are here:
a rat corpse; a giant cockroach corpse The jackal pauses to sniff the ground.
A jackal comes into view.
There is a stone staircase leading down here.
The great orb of eyes turns its gaze towards you.
The jackal closely misses you. The kobold hits you with a +0 club.
* * * LOW HITPOINT WARNING * * *
You climb downwards.
There is a stone staircase leading up here.
Aiming: Freeze (safe; 2% risk of failure)
Press: ? - help, Q - select action Shift-Dir - straight line, f - kobold
Aim: a kobold, wielding a +0 club You freeze the kobold.
The kobold is severely wounded.
The jackal bites you.
* * * LOW HITPOINT WARNING * * *
The kobold barely misses you. The jackal bites you.
* * * LOW HITPOINT WARNING * * *
Aiming: Freeze (safe; 2% risk of failure)
Press: ? - help, Q - select action Shift-Dir - straight line, f/p - kobold
Aim: a kobold, wielding a +0 club (severely wounded)
You freeze the kobold.
You kill the kobold!
The jackal barely misses you.
You hit the jackal. You tail-slap the jackal.
The jackal is almost dead.
The jackal barely misses you. The jackal bites you.
You die...

.# .#
.# .#
.##
##..##
#)h..#
#@#
#..#
#.##
#. #.
.. ..
#..


You could see a jackal.

Vanquished Creatures
  2 ball pythons (D:1)
  4 endoplasms (D:1)
  A giant cockroach (D:1)
  2 goblins (D:1)
  A hobgoblin (D:1)
  A quokka (D:1)
  4 bats (D:1)
  2 frilled lizards (D:1)
  2 kobolds
  3 rats (D:1)
22 creatures vanquished.

Notes
Turn   | Place    | Note
-------+----------+-------------------------------------------
     0 | D:1      | Thatpatchoflichen the Draconian Ice Elementalist began the
                  | quest for the Orb.
     0 | D:1      | Reached XP level 1. HP: 14/14 MP: 3/3
   153 | D:1      | Noticed an eye of devastation
   316 | D:1      | Reached XP level 2. HP: 16/20 MP: 5/5
   332 | D:1      | Found a faded altar of an unknown god.
   335 | D:1      | Noticed a great orb of eyes
   336 | D:1      | Noticed a floating eye
   336 | D:1      | Noticed a shining eye
   675 | D:2      | Slain by a jackal

Illustrated notes

Levels and vault maps discovered:
D:1:      shiori_arrival_maze, layout_rooms,
          hellmonk_ecumenical_altar_watching_god
D:2:      layout_rooms, minmay_split_cup_small, uniq_natasha,
          uniq_crazy_yiuf_cottage

Skill      XL: |  1 |
---------------+----+-----
Dodging        | 2 |  2.3
Stealth        | |  1.7
Spellcasting   | |  2.3
Ice Magic      | |  4.3

Action                   || total
-------------------------++-------
Melee: Dagger            ||    67
       Unarmed           ||     3
       Tailslap          ||     8
 Cast: Freeze            ||    10
 Stab: Sleeping          ||     1
Armor: Skin              ||    29
Dodge: Dodged            ||    66
